Map: [ESL] Crimson Court

Players

Nice - Winner!

  • Race: Protoss Protoss
  • Spawn Location: 7:00

Jieshi

  • Race: Protoss Protoss
  • Spawn Location: 1:00

Event: ESL SC2 Masters 2024 Spring (Regional)

VOD

Have the link to the VOD?

Description

Time

  • Played on: April 26, 2024, 6:36 a.m.
  • Length: 12:57

All games in this series

Show
View Real Time Build Order
Export as new Build Order

Nice Protoss - Winner!

Build Orders: Oracle Opening, Phoenix Opening 

Get SALT Encoding   

  12  0:00  Probe  
  13  0:12  Probe  
  14  0:17  Pylon  
  14  0:24  Probe (Chrono Boost)  
  16  0:37  Probe (Chrono Boost), Gateway  
  16  0:42  Probe (Chrono Boost)  
  16  0:45  Assimilator  
  17  0:53  Probe (Chrono Boost)  
  17  0:54  Assimilator  
  18  1:05  Probe (Chrono Boost)  
  18  1:06  Gateway  
  19  1:13  Probe (Chrono Boost)  
  20  1:19  Probe  
  20  1:25  Cybernetics Core  
  21  1:31  Probe  
  22  1:38  Pylon  
  22  1:43  Probe  
  23  1:56  Probe  
  24  2:06  Stargate  
  24  2:07  Adept x2  
  28  2:13  Pylon  
  28  2:17  Warp Gate  
  27  2:37  Adept x2  
  31  2:49  Oracle (Chrono Boost), Shield Battery  
  32  3:07  Stalker, Shield Battery  
  34  3:28  Nexus  
  32  3:36  Phoenix (Chrono Boost)  
  35  3:41  Probe  
  35  3:54  Probe  
  34  3:59  Twilight Council  
  32  4:07  Probe  
  33  4:19  Stalker x2, Probe (Chrono Boost)  
  38  4:26  Shield Battery  
  38  4:30  Probe (Chrono Boost)  
  39  4:41  Probe (Chrono Boost), Dark Shrine  
  39  4:43  Probe (Chrono Boost)  
  41  4:52  Blink (Chrono Boost)  
  43  4:53  Probe (Chrono Boost)  
  43  4:55  Probe (Chrono Boost)  
  43  4:58  Probe (Chrono Boost)  
  43  5:03  Probe  
  45  5:10  Probe  
  46  5:15  Stalker, Probe  
  49  5:21  Pylon, Stalker  
  49  5:25  Probe  
  52  5:31  Probe  
  52  5:34  Assimilator  
  53  5:37  Probe  
  53  5:41  Gateway  
  54  5:43  Probe  
  55  5:53  Dark Templar  
  55  5:55  Probe  
  55  5:56  Probe  
  59  6:05  Dark Templar  
  59  6:08  Probe  
  62  6:17  Pylon, Nexus  
  62  6:27  Gateway  
  62  6:28  Robotics Facility  
  62  6:35  Probe x2, Gateway  
  62  6:36  Charge (Chrono Boost)  
  62  6:37  Pylon  
  64  6:46  Stalker  
  64  6:47  Stalker  
  66  6:50  Probe x2  
  68  6:59  Forge, Gateway  
  68  7:03  Probe (Chrono Boost)  
  68  7:08  Probe (Chrono Boost)  
  70  7:12  Observer (Chrono Boost), Probe (Chrono Boost), Gateway  
  73  7:16  Probe (Chrono Boost)  
  73  7:17  Probe (Chrono Boost), Gateway  
  72  7:27  Probe  
  72  7:29  Probe x2  
  75  7:30  Warp Prism (Chrono Boost)  
  75  7:36  Stalker  
  79  7:40  Protoss Ground Weapons Level 1 (Chrono Boost)  
  79  7:45  Shield Battery  
  79  7:50  Probe x2  
  81  7:55  Observer  
  81  7:56  Photon Cannon  
  81  8:00  Pylon  
  81  8:02  Probe x2  
  84  8:09  Photon Cannon  
  84  8:18  Pylon x2  
  84  8:21  Pylon x2  
  84  8:26  Dark Templar x4  
  92  8:30  Photon Cannon  
  92  8:33  Nexus  
  92  8:36  Probe  
  92  8:37  Probe  
  92  8:38  Probe  
  95  8:42  Pylon  
  95  8:48  Probe  
  95  8:49  Probe  
  98  8:55  Probe  
  98  9:02  Probe x2  
  100  9:07  Probe  
  101  9:11  Stalker x4  
  101  9:12  Stalker x3  
  101  9:14  Probe  
  101  9:15  Probe  
  101  9:16  Photon Cannon  
  115  9:18  Shield Battery  
  115  9:25  Pylon  
  115  9:29  Gateway x2  
  115  9:31  Assimilator  
  115  9:33  Archon  
  115  9:34  Archon  
  115  9:38  Protoss Ground Weapons Level 2 (Chrono Boost)  
  115  9:45  Immortal (Chrono Boost)  
  118  9:52  Assimilator  
  119  9:53  Pylon  
  119  9:57  Zealot x3, Stalker x2  
  124  10:18  Stalker x2  
  124  10:20  Zealot x5  
  134  10:24  Dark Templar  
  134  10:27  Immortal  
  124  10:31  Zealot  
  126  10:41  Zealot x5  
  126  10:42  Zealot, Pylon  
  118  10:43  Pylon  
  118  10:45  Pylon  
  118  10:59  Stalker  
  118  11:00  Stalker x2  
  118  11:03  Stalker x3  
  132  11:13  Dark Templar  
  132  11:19  Observer  
  132  11:20  Archon  
  132  11:23  Zealot x4, Dark Templar  
  142  11:26  Pylon  
  142  11:32  Archon, Nexus  
  142  11:35  Stalker x3  
  148  11:42  Probe x4  
  148  11:45  Photon Cannon  
  152  11:47  Shield Battery  
  152  11:53  Zealot x4  
  158  11:54  Probe  
  127  12:08  Stalker  
  127  12:09  Stalker x4  
  133  12:16  Stalker  
  133  12:17  Stalker x3  
  141  12:33  Zealot x2  
  141  12:34  Zealot x3  
  133  12:43  Zealot x4  
Show
View Real Time Build Order
Export as new Build Order

Jieshi Protoss 

Build Orders: Oracle Opening 

Get SALT Encoding   

  12  0:00  Probe  
  13  0:13  Probe  
  14  0:17  Pylon  
  14  0:25  Probe (Chrono Boost)  
  15  0:37  Probe (Chrono Boost), Gateway  
  16  0:44  Probe (Chrono Boost)  
  16  0:46  Assimilator  
  17  0:51  Probe  
  17  0:55  Assimilator  
  18  1:03  Probe (Chrono Boost)  
  19  1:08  Gateway  
  19  1:13  Probe (Chrono Boost)  
  19  1:18  Probe (Chrono Boost)  
  20  1:24  Cybernetics Core  
  21  1:29  Probe  
  22  1:34  Pylon  
  22  1:42  Probe  
  23  1:54  Probe  
  24  2:00  Warp Gate, Stalker  
  24  2:01  Stalker  
  27  2:15  Pylon  
  27  2:27  Stargate  
  27  2:45  Nexus  
  27  2:50  Shield Battery  
  27  2:55  Probe  
  28  3:03  Stalker  
  30  3:10  Oracle (Chrono Boost)  
  30  3:17  Probe  
  31  3:30  Twilight Council, Probe  
  32  3:42  Probe  
  30  3:49  Stalker  
  30  3:52  Stalker  
  30  3:56  Probe  
  30  4:01  Probe  
  31  4:08  Probe (Chrono Boost)  
  29  4:20  Probe (Chrono Boost)  
  29  4:21  Probe (Chrono Boost)  
  31  4:29  Probe x2 (Chrono Boost)  
  33  4:37  Dark Shrine  
  33  4:39  Probe  
  33  4:43  Probe  
  35  4:51  Probe  
  36  4:55  Probe  
  36  4:59  Blink  
  37  5:03  Sentry, Probe  
  40  5:09  Probe (Chrono Boost)  
  41  5:15  Probe (Chrono Boost)  
  43  5:22  Forge  
  43  5:25  Probe x2 (Chrono Boost)  
  44  5:33  Probe (Chrono Boost)  
  46  5:35  Probe (Chrono Boost)  
  46  5:39  Probe (Chrono Boost)  
  48  5:42  Probe (Chrono Boost)  
  48  5:46  Probe  
  49  5:50  Pylon, Dark Templar x2  
  49  5:54  Probe  
  49  5:55  Protoss Ground Weapons Level 1 (Chrono Boost)  
  54  5:59  Photon Cannon  
  54  6:07  Photon Cannon  
  54  6:08  Probe  
  54  6:09  Probe  
  56  6:14  Assimilator  
  56  6:20  Probe  
  56  6:25  Probe  
  58  6:27  Robotics Facility  
  58  6:32  Probe  
  59  6:40  Probe  
  59  6:42  Gateway x2  
  59  6:44  Probe  
  60  6:47  Pylon  
  60  6:52  Stalker  
  62  6:54  Pylon  
  62  7:01  Pylon  
  62  7:05  Probe x2  
  64  7:08  Stalker  
  64  7:11  Observer (Chrono Boost)  
  67  7:17  Stalker  
  69  7:27  Probe x2  
  69  7:29  Warp Prism (Chrono Boost)  
  71  7:31  Nexus  
  71  7:32  Pylon  
  73  7:39  Probe x2  
  73  7:43  Pylon  
  73  7:45  Protoss Ground Weapons Level 2 (Chrono Boost)  
  73  7:51  Photon Cannon  
  73  7:53  Stalker, Shield Battery  
  73  7:55  Probe  
  73  7:57  Probe  
  77  8:07  Probe  
  77  8:09  Probe  
  77  8:10  Stalker x3  
  85  8:19  Probe  
  86  8:21  Pylon, Probe  
  86  8:23  Charge  
  87  8:28  Gateway  
  87  8:32  Gateway  
  87  8:41  Probe  
  87  8:42  Probe x2  
  87  8:44  Observer  
  90  8:48  Stalker  
  90  8:49  Stalker x2  
  90  8:50  Observer  
  90  8:55  Probe  
  97  8:57  Zealot  
  97  9:01  Phoenix (Chrono Boost)  
  97  9:04  Photon Cannon  
  97  9:05  Shield Battery  
  93  9:16  Probe x2 (Chrono Boost)  
  93  9:17  Stalker x3  
  99  9:28  Probe (Chrono Boost)  
  99  9:30  Photon Cannon  
  99  9:31  Stalker x2  
  102  9:34  Stalker  
  102  9:37  Probe (Chrono Boost)  
  107  9:43  Stalker  
  107  9:44  Pylon  
  109  9:49  Stalker x2  
  113  9:55  Stalker  
  113  9:56  Pylon  
  113  9:57  Stalker  
  117  10:05  Pylon  
  117  10:13  Stalker x3  
  117  10:14  Stalker  
  123  10:21  Stalker  
  117  10:24  Stalker  
  109  10:30  Gateway  
  91  10:43  Observer (Chrono Boost)  
  91  10:47  Zealot x3, Stalker x2  
  91  10:48  Stalker  
  91  10:49  Probe  
  95  10:58  Nexus  
  95  11:00  Pylon  
  95  11:02  Gateway  
  95  11:07  Dark Templar  
  95  11:09  Stalker  
  95  11:10  Stalker  
  101  11:14  Pylon, Stalker  
  103  11:19  Shield Battery  
  103  11:22  Observer, Stalker  
  103  11:23  Photon Cannon  
  103  11:24  Probe  
  103  11:25  Probe x2  
  106  11:33  Warp Prism (Chrono Boost), Stalker x2  
  106  11:36  Assimilator  
  112  11:40  Probe x3  
  112  11:45  Stalker  
  112  11:46  Stalker  
  112  11:55  Stalker  
  112  11:56  Stalker  
  112  11:57  Zealot x2  
  110  12:02  Stalker  
  110  12:03  Zealot  
  97  12:16  Stalker x2  
  97  12:17  Zealot x2  
  103  12:27  Zealot x2, Stalker x2  
  99  12:43  Zealot x3  
Tags
 
Add a new tag
Caveats
  • Supply blocks, unpowered buildings, or Contaminate may cause inaccurate times.
  • Supply counts are checked every 10 seconds.